 Dungeon Crawl Stone Soup version 0.30-a0-782-ge64f9170bb (webtiles) character file.

Game seed: 17811683816476722610

675705 HoaS the Slayer (level 27, -2/197 HPs)
             Began as a Gargoyle Hunter on Feb 28, 2023.
             Was the Champion of Zin.
             Slain by a Killer Klown
             ... wielding a +10 club of electrocution
              (9 damage)
             ... on level 5 of the Realm of Zot on Mar 1, 2023.
             The game lasted 02:38:51 (63607 turns).

HoaS the Slayer (Gargoyle Hunter)                  Turns: 63607, Time: 02:38:52

Health: -2/197     AC: 51    Str: 18      XL:     27
Magic:  15/34      EV: 35    Int:  6      God:    Zin [******]
Gold:   11648      SH:  0    Dex: 26 (27) Spells: 26/26 levels left

rFire   + + .      SeeInvis .    q - +9 triple crossbow (heavy)
rCold   + . .      Faith    .    (shield currently unavailable)
rNeg    + . .      Spirit   .    p - +5 ring mail "Toschip" {rCorr Int-3 Dex+4}
rPois   ∞          Reflect  .    f - +2 helmet
rElec   +          Harm     .    j - +2 cloak
rCorr   +          Rampage  .    K - +2 pair of gloves {Stlth+}
Will    ++...                    a - +3 pair of mountain boots {steadfast, rC+}
Stlth   +++                      n - amulet of regeneration
HPRegen 1.32/turn                I - ring of protection from fire
MPRegen 0.24/turn                y - ring of protection from fire

@: about to teleport, marked, flying
A: sickness immunity, AC +20, big wings, negative energy resistance 1,
electricity resistance, torment resistance 1, petrification resistance, dopey 1
}: 3/15 runes: serpentine, barnacled, silver
a: Renounce Religion, Recite, Vitalisation, Imprison, Sanctuary, Donate Gold


You were on level 5 of the Realm of Zot.
You worshipped Zin.
Zin was exalted by your worship.
You visited 12 branches of the dungeon, and saw 52 of its levels.
You visited the Abyss 4 times.
You visited 1 bazaar.
You also visited: Gauntlet and Ice Cave.

You collected 33849 gold pieces.
You spent 3719 gold pieces at shops.
You donated 10525 gold pieces to Zin.
You paid 7957 gold pieces to Gozag.

Inventory:

Hand Weapons
 q - a +9 heavy triple crossbow (weapon)
Armour
 a - the +3 pair of mountain boots (worn) {steadfast, rC+}
   (You bought it in a shop on level 15 of the Dungeon)

   Steadfast: It prevents involuntary movement, except for blinking,
   teleportation, or banishment.
   rC:        It protects you from cold.
 f - a +2 helmet (worn)
 j - a +2 cloak (worn)
 p - the +5 ring mail "Toschip" (worn) {rCorr Int-3 Dex+4}
   (You bought it in a shop on level 2 of the Dungeon)

   Int:       It affects your intelligence (-3).
   Dex:       It affects your dexterity (+4).
   rCorr:     It protects you from acid and corrosion.
 K - a +2 pair of gloves of stealth (worn)
Jewellery
 c - a ring of willpower
 i - a ring of ice
 m - a +5 ring of evasion
 n - an amulet of regeneration (around neck)
 t - a ring of resist corrosion
 u - a +6 ring of dexterity
 w - a ring of positive energy
 y - a ring of protection from fire (right hand)
 z - a ring of protection from cold
 D - the macabre finger necklace {Finger+ rN+}
   (You bought it in a shop on level 2 of the Orcish Mines)

   [amulet of nothing]

   Finger+:   It enables you to equip an extra ring.
   rN:        It protects you from negative energy.
 I - a ring of protection from fire (left hand)
 M - the ring of Midwinter {rPois rC+ Int+5 SInv}
   (You found it on level 1 of the Realm of Zot)

   [ring of poison resistance]

   Int:       It affects your intelligence (+5).
   rC:        It protects you from cold.
   rPois:     It protects you from poison.
   SInv:      It lets you see invisible.
 P - a ring of positive energy
Wands
 v - a wand of digging (18)
Scrolls
 b - 17 scrolls of immolation
 e - 3 scrolls of enchant armour
 g - 4 scrolls of blinking
 s - 11 scrolls of teleportation
 x - 3 scrolls of butterflies
 C - 2 scrolls of enchant weapon
 E - 11 scrolls of poison
 H - a scroll of brand weapon
 J - 8 scrolls of fog
 L - 6 scrolls of magic mapping
 N - 10 scrolls of fear
 O - 4 scrolls of silence
Potions
 d - 6 potions of ambrosia
 h - 15 potions of attraction
 k - 7 potions of cancellation
 l - 29 potions of curing
 A - a potion of haste
 B - a potion of invisibility
 F - 10 potions of mutation
 G - 2 potions of resistance


   Skills:
 * Level 26.9 Fighting
 * Level 26.8 Ranged Weapons
 + Level 18.8 Armour
 * Level 26.5 Dodging
 - Level 1.1 Stealth
 - Level 15.0 Invocations


You had 26 spell levels left.
You didn't know any spells.
Your spell library contained the following spells:

 Spells                   Type           Power      Damage    Failure   Level
 Beastly Appendage        Tmut           0%         N/A       56%         1
 Magic Dart               Conj           0%         1d3       56%         1
 Shock                    Conj/Air       0%         1d3       56%         1
 Sting                    Tmut/Pois      0%         1d3       56%         1
 Blink                    Tloc           0%         N/A       71%         2
 Call Imp                 Summ           0%         N/A       71%         2
 Ensorcelled Hibernation  Hex/Ice        0%         N/A       71%         2
 Lesser Beckoning         Tloc           0%         N/A       71%         2
 Passwall                 Tmut/Erth      0%         N/A       71%         2
 Poisonous Vapours        Pois/Air       0%         N/A       71%         2
 Scorch                   Fire           0%         2d5       71%         2
 Wereblood                Tmut           0%         N/A       71%         2
 Dazzling Flash           Conj/Hex       0%         N/A       91%         3
 Frozen Ramparts          Ice            0%         1d1       91%         3
 Gell's Gravitas          Tloc           0%         N/A       91%         3
 Ignite Poison            Fire/Tmut/Pois 0%         N/A       91%         3
 Mephitic Cloud           Conj/Pois/Air  0%         N/A       91%         3
 Spider Form              Tmut/Pois      0%         N/A       91%         3
 Summon Guardian Golem    Hex/Summ       0%         N/A       91%         3
 Swiftness                Air            0%         N/A       91%         3
 Teleport Other           Tloc           0%         N/A       91%         3
 Tukima's Dance           Hex            0%         N/A       91%         3
 Vhi's Electric Charge    Tloc/Air       0%         N/A       91%         3
 Airstrike                Air            0%         2d(0-16)  100%        4
 Anguish                  Hex/Necr       0%         N/A       100%        4
 Flame Wave               Conj/Fire      0%         2d4       100%        4
 Ice Form                 Ice/Tmut       0%         N/A       100%        4
 Manifold Assault         Tloc           0%         N/A       100%        4
 Olgreb's Toxic Radiance  Pois           0%         N/A       100%        4
 Passage of Golubria      Tloc           0%         N/A       100%        4
 Sticky Flame             Conj/Fire      0%         2d3       100%        4
 Summon Ice Beast         Ice/Summ       0%         N/A       100%        4
 Summon Lightning Spire   Summ/Air       0%         N/A       100%        4
 Agony                    Necr           0%         N/A       100%        5
 Arcjolt                  Conj/Air       0%         1d10      100%        5
 Fireball                 Conj/Fire      0%         3d3       100%        5
 Freezing Cloud           Conj/Ice/Air   0%         6-21      100%        5
 Iskenderun's Battlesphe  Conj           0%         2d6       100%        5
 Lightning Bolt           Conj/Air       0%         1d11      100%        5
 Silence                  Hex/Air        0%         N/A       100%        5
 Yara's Violent Unravell  Hex/Tmut       0%         3d3       100%        5
 Conjure Ball Lightning   Conj/Air       0%         3x3d6     100%        6
 Dispersal                Tloc           0%         N/A       100%        6
 Eringya's Noxious Bog    Tmut/Pois      0%         N/A       100%        6
 Summon Cactus Giant      Summ           0%         N/A       100%        6
 Orb of Destruction       Conj           0%         9d5       100%        7
 Ozocubu's Refrigeration  Ice            0%         4d7       100%        7
 Spellforged Servitor     Conj/Summ      0%         N/A       100%        7
 Summon Hydra             Summ           0%         N/A       100%        7
 Discord                  Hex            0%         N/A       100%        8
 Disjunction              Tloc           0%         N/A       100%        8
 Ignition                 Fire           0%         3d3       100%        8
 Maxwell's Capacitive Co  Air            0%         ∞         100%        8
 Sublimation of Blood     Necr           Unusable   N/A       N/A         2

Dungeon Overview and Level Annotations

Branches:
Dungeon (15/15)            Temple (1/1) D:5            Lair (5/5) D:11
 Shoals (4/4) Lair:3        Snake (4/4) Lair:3        Slime (0/5) Lair:4
    Orc (2/2) D:12            Elf (3/3) Orc:2        Vaults (5/5) D:13
  Crypt (3/3) Vaults:2       Tomb (0/3) Crypt:3      Depths (4/4) D:15
   Hell (visited)             Dis (0/7) Hell            Geh (0/7) Hell
    Coc (0/7) Hell            Tar (0/7) Hell            Zot (5/5) Depths:4
  IceCv (visited)         Gauntlet (visited)

Altars:
Ashenzari
Cheibriados
Dithmenos
Elyvilon
Fedhas
Gozag
Hepliaklqana
Kikubaaqudgha
Makhleb
Nemelex Xobeh
Okawaru
Qazlal
Ru
Sif Muna
Trog
Uskayaw
Vehumet
Wu Jian
Xom
Yredelemnul
Zin
The Shining One
Jiyva

Shops:
D:2 =[   D:4 *   D:12 [(   D:15 [*   Orc:2 ([*(=   Elf:1 (   Lair:3 [
Shoals:1 (   Snake:1 ::   Snake:2 (   Vaults:2 [   Vaults:4 *   Vaults:5 ?
Crypt:1 [   Depths:2 **   Depths:4 ([([

Portals:
Hell: Depths:1 Depths:2 Depths:3 Depths:4
Abyss: Depths:3
Pandemonium: Depths:2 Depths:4
Ziggurat: Depths:1
Trove: Depths:3 (show slimy rune of Zot)

Annotations:
Zot:3 3 runed translucent doors, Odghynix's ghost, master TrAr
Zot:4 2 transporters, exclusion: orange crystal statue
Zot:5 1 exclusion


Innate Abilities, Weirdness & Mutations

You are immune to sickness and miasma.
Your stone body is resilient. (AC +20)
You are immune to poison.
Your large and strong wings let you fly.
You resist negative energy. (rN+)
You are resistant to electric shocks. (rElec)
You are resistant to unholy torment.
You are immune to petrification.
You are dopey. (Int -2)


Message History

A black draconian comes into view. It is wielding a +0 dire flail.
As you read the scroll of teleportation, it crumbles to dust.
You feel strangely unstable.
You feel the Orb delaying your translocation!
You hear some strange, mumbled words.
A red draconian scorcher comes into view.
It is wielding a +0 rapier.
The black draconian breathes lightning at you.
The bolt of lightning misses you.
The Killer Klown blinks!
The Killer Klown pies you viciously! The klown pie misses you.
An Orb Guardian comes into view.
The electric golem blinks!
The electric golem attacks as you move away!
The electric golem hits you but does no damage.
The electric golem misses you.
The electric golem completely misses you.
The electric golem closely misses you.
Found a whip.
The Killer Klown pies you viciously! The klown pie misses you.
Something tries to affect you, but you resist.
The electric golem blinks!
A moth of wrath comes into view.
The Killer Klown attacks as you move away!
The Killer Klown misses you.
The purple draconian completely misses you.
The Orb Guardian hits you.
* * * LOW HITPOINT WARNING * * *
The purple draconian attacks as you move away!
The purple draconian barely misses you. The Orb Guardian hits you.
* * * LOW HITPOINT WARNING * * *
The moth of wrath goads the Orb Guardian on!
The Orb Guardian goes berserk!
The Orb Guardian hits you but does no damage.
The black draconian breathes lightning at you.
The bolt of lightning hits you! You resist. Zin protects you from harm!
The white draconian closely misses you. The Killer Klown completely misses you.
The Killer Klown attacks as you move away!
The Killer Klown slaps you with a +10 club of electrocution!
You die...

**,,,^,,,,,,.............▓▓...
**,,,...).^.............▓...*
**,,........................
**,,,...................▓....
**,,^,........y.*........▓▓...
*,,,,,..........*q.......▓▓▓..
*,,,,,........dXX........▓ ▓▓▓
**,,,,.....^..dXd.{.....▓*
**,,,.......@pd..X9..▓▓▓
****..........^..▓▓▓▓
*▓▓▓▓▓▓▓▓▓▓▓▓▓▓


You could see 2 orbs of fire, a Killer Klown, an electric golem, a tentacled
monstrosity, 2 draconians, a purple draconian, a white draconian, 3 Orb
Guardians, a red draconian scorcher and a moth of wrath.

Vanquished Creatures
  An orb of fire (Zot:5)
  3 dread liches
  2 ancient liches
  A juggernaut (Depths:4)
  Josephina (Zot:2)
  Boris (Vaults:4)
  2 Killer Klowns
  Bai Suzhen (Shoals:4)
  A shard shrike (Zot:1)
  2 curse toes
  Saint Roka (Snake:2)
  5 caustic shrikes
  4 profane servitors
  17 golden dragons
  Geryon (Hell)
  4 bone dragons
  3 electric golems
  Jorgrun (D:12)
  A shard shrike zombie (Abyss:4)
  A hellephant (Hell)
  A Hell Sentinel (Abyss:4)
  Zenata (Vaults:4)
  14 tentacled monstrosities
  10 Orb Guardians (Zot:5)
  Rupert (Lair:2)
  7 titans
  8 liches
  Mlioglotl (Shoals:1)
  4 deep elf blademasters (Elf:3)
  4 deep elf master archers (Elf:3)
  A walking earthen tome (Depths:3)
  6 quicksilver dragons
  Polyphemus (Shoals:4)
  3 krakens
  2 walking divine tomes
  Frances (Shoals:1)
  9 ancient champions
  14 tentacled starspawn
  3 Executioners
  Kirke (D:12)
  9 shadow dragons
  5 death cobs
  7 tengu reavers
  6 sphinxes
  13 storm dragons
  6 revenants
  5 draconian monks
  3 draconian knights
  15 nagarajas
  Ilsuiw (Shoals:4)
  9 fire giants
  5 deep elf sorcerers
  15 frost giants
  8 draconian scorchers
  12 vault wardens
  2 spectral caustic shrikes (Depths:1)
  4 curse skulls
  3 ghost moths
  2 orc warlords
  Aizul (Snake:3)
  2 draconian annihilators
  3 deep elf elementalists (Elf:3)
  Louise (Shoals:1)
  8 draconian stormcallers
  51 very ugly things
  7 draconian shifters
  8 ghouls
  A juggernaut skeleton (Crypt:3)
  9 reapers
  A spriggan defender (Depths:2)
  19 ironbound preservers
  3 war gargoyles
  A broodmother (shapeshifter) (Vaults:5)
  6 ironbound thunderhulks
  12 stone giants
  13 green draconians
  6 deep elf demonologists
  7 vampire knights
  8 black draconians
  8 purple draconians
  8 dire elephants (Vaults:2)
  5 deep elf annihilators
  7 yellow draconians
  3 lorocyprocas
  11 red draconians
  13 white draconians
  4 blizzard demons
  3 spark wasps
  A minotaur (shapeshifter) (Abyss:4)
  2 eidola
  A green death (Abyss:4)
  2 iron golems (Hell)
  14 deep elf death magi
  10 fire dragons
  4 entropy weavers
  6 merfolk javelineers
  17 jiangshi
  10 ettins
  6 crystal guardians
  8 merfolk impalers
  8 deep elf high priests
  A spriggan zombie (Crypt:3)
  36 vault guards
  22 yaktaur captains
  A hell beast (Hell)
  8 great orbs of eyes
  9 rakshasas
  A great orb of eyes (shapeshifter) (Abyss:4)
  6 hydras
  6 ice dragons
  7 salamander tyrants
  5 merfolk aquamancers
  5 spriggan air magi
  6 peacekeepers
  7 ironbound frosthearts
  16 centaur warriors
  3 ogre magi
  2 catoblepae
  A caustic shrike simulacrum (IceCv)
  A satyr (Shoals:4)
  3 merfolk avatars
  16 anacondas
  3 two-headed ogres
  9 boulder beetles
  A jorogumo (shapeshifter) (Depths:1)
  7 tengu warriors
  24 naga warriors
  29 dancing weapons
  13 death yaks
  7 hell hogs
  7 vampire magi
  7 deep troll shamans
  5 deep troll earth magi (Depths:2)
  9 orc high priests
  Urug (D:13)
  7 shock serpents
  5 soul eaters
  12 sun demons
  21 naga sharpshooters
  19 deep elf knights
  21 thrashing horrors
  4 hell knights (Depths:3)
  8 spriggan berserkers
  3 sixfirhies
  11 wretched stars
  9 iron trolls
  6 salamander mystics
  38 skeletal warriors
  An anaconda zombie (Hell)
  3 flayed ghosts
  A glowing orange brain (shapeshifter) (D:14)
  2 bog bodies (Crypt:1)
  A glowing orange brain (Abyss:4)
  A quicksilver dragon simulacrum (Abyss:5)
  6 skysharks
  57 deep trolls
  A death drake (shapeshifter) (Depths:3)
  A lindwurm (shapeshifter) (Depths:2)
  A spark wasp zombie (Crypt:1)
  10 sea snakes
  A kraken simulacrum (Hell)
  34 large abominations
  2 orange crystal statues (Hell)
  8 orc knights
  14 naga ritualists
  A spriggan simulacrum (Crypt:3)
  14 deep elf archers
  25 ironbound convokers
  13 phantasmal warriors
  9 harpies
  7 wizards
  4 lindwurms
  18 mana vipers
  A bunyip skeleton (Crypt:3)
  7 necromancers
  20 deep elf pyromancers
  32 deep elf zephyrmancers
  2 anaconda skeletons (Hell)
  7 orc sorcerers
  The ghost of funaii the Thaumaturge, a novice DEFE of Vehumet (D:7)
  A broodmother zombie (Crypt:2)
  14 fauns
  17 manticores
  A stone giant zombie (Vaults:3)
  14 salamanders
  A jorogumo skeleton (Crypt:1)
  2 moths of wrath (shapeshifter) (Vaults:5)
  5 cyclopes
  5 elephants (Lair:1)
  A will-o-the-wisp (Abyss:4)
  23 moths of wrath
  57 ugly things
  3 worldbinders (Abyss:4)
  An iron dragon skeleton (Abyss:4)
  8 guardian serpents
  7 merfolk sirens
  24 naga magi
  3 molten gargoyles (Hell)
  45 black mambas
  Maggie (Lair:1)
  2 rust devils
  An alligator snapping turtle zombie (Crypt:2)
  An ice statue (Hell)
  5 orange demons
  2 torpor snails (shapeshifter)
  19 vault sentinels
  13 smoke demons
  7 water nymphs
  2 centaur skeletons
  3 apocalypse crabs (Abyss:4)
  A catoblepas zombie (Crypt:3)
  A rime drake (shapeshifter) (D:13)
  4 unseen horrors
  A kobold demonologist (D:12)
  A pale draconian zombie (Crypt:3)
  14 cane toads
  An unseen horror (shapeshifter) (D:13)
  7 rime drakes
  An iron troll zombie (Crypt:2)
  A tormentor (Depths:4)
  3 efreet (Abyss:4)
  A human zombie (Vaults:3)
  7 komodo dragons
  30 yaktaurs
  An ice devil (Depths:2)
  10 freezing wraiths
  2 hellions
  2 golden dragon simulacra (IceCv)
  An unseen horror skeleton (Crypt:1)
  An anaconda simulacrum (IceCv)
  15 trolls
  A purple draconian skeleton (Crypt:3)
  A harpy zombie (Crypt:1)
  A red devil (Depths:4)
  A guardian mummy (Crypt:3)
  A tengu conjurer (Depths:1)
  2 hydra zombies (Hell)
  5 ancient zymes (Abyss:4)
  10 hornets
  27 merfolk
  A queen bee (D:12)
  4 wind drakes
  A polar bear (shapeshifter) (Elf:2)
  2 hellwings
  4 polar bears
  A wind drake (shapeshifter) (Vaults:5)
  10 raiju (Abyss:4)
  2 draconian simulacra (Zot:2)
  A frost giant simulacrum (Vaults:3)
  11 snapping turtles
  5 dream sheep
  9 blink frogs
  49 slime creatures
  2 harpy skeletons
  9 flying skulls
  6 shadows
  An alligator skeleton (Hell)
  3 air elementals
  A deep troll skeleton (Vaults:3)
  19 spriggans
  A culicivora (Vaults:4)
  27 water elementals
  An ettin skeleton (Crypt:3)
  4 vampires
  2 wyverns
  2 dire elephant simulacra (IceCv)
  A guardian serpent skeleton (Crypt:1)
  2 ynoxinuls
  A fire elemental (Elf:2)
  24 yaks
  17 small abominations
  61 starcursed masses
  A hog (D:12)
  7 basilisks
  An unseen horror simulacrum (D:7)
  5 wraiths
  7 redbacks
  4 chaos spawn
  A green draconian simulacrum (Zot:2)
  3 vampire mosquitoes (D:13)
  9 neqoxecs
  A slime creature zombie (Crypt:3)
  A redback (shapeshifter) (D:15)
  4 spatial vortices (Abyss:4)
  5 wargs
  A white draconian simulacrum (Zot:2)
  2 harpy simulacra
  49 nagas
  3 hydra simulacra
  An acid dragon (D:10)
  18 hell hounds
  16 water moccasins
  Duvessa (D:6)
  31 orc warriors
  A cane toad skeleton (Crypt:1)
  An ice beast (D:5)
  7 black bears
  4 alligator simulacra
  8 ogres
  2 human skeletons
  An ettin simulacrum (IceCv)
  A manticore skeleton (Crypt:1)
  4 boggarts (Lair:5)
  17 centaurs
  25 wolves
  A phantom (D:4)
  3 kobold brigands
  13 bullfrogs
  4 necrophages
  3 gnoll sergeants
  5 scorpions
  An ogre simulacrum (Vaults:4)
  7 earth elementals
  A scorpion (shapeshifter) (Vaults:5)
  A wyvern skeleton (Crypt:3)
  3 wights (D:7)
  A shapeshifter zombie (Crypt:2)
  Dowan (D:6)
  9 killer bees (D:12)
  A human simulacrum (Vaults:4)
  A lindwurm simulacrum (IceCv)
  6 howler monkeys
  3 electric eels
  5 quasits
  4 hounds
  8 orc priests
  2 jellies
  Ijyb (D:3)
  2 gnoll boudas
  An iron imp (Abyss:4)
  Jessica (D:3)
  8 iguanas
  16 orc wizards
  10 hell rats (Lair:2)
  A centaur simulacrum (D:7)
  A naga zombie (Crypt:3)
  An ice beast zombie (Crypt:3)
  A deep dwarf skeleton (Crypt:2)
  12 mummies (Crypt:3)
  21 gnolls
  7 adders
  2 shadow imps (D:5)
  6 white imps
  3 ufetubi
  2 dart slugs (D:3)
  55 orcs
  7 ball pythons
  11 endoplasms
  2 giant cockroaches
  10 goblins
  3 hobgoblins (D:1)
  4 jackals (D:5)
  17 kobolds
  3 training dummies (Shoals:1)
  3 bats
  6 frilled lizards
  A hobgoblin zombie (Crypt:3)
  An orc skeleton (Crypt:2)
  3 rats
  A rat skeleton (Crypt:2)
  A lurking horror (Abyss:4)
  14 starspawn tentacles
  6 tentacles
2641 creatures vanquished.

Vanquished Creatures (others)
  A golden dragon (Zot:1)
  A draconian knight (Zot:4)
  A deep elf knight (Elf:3)
  A deep elf pyromancer (D:13)
  2 merfolk sirens (Shoals:4)
  An ancient zyme (Abyss:5)
  A hornet (Depths:3)
  4 humans (D:12)
  A golden eye (Abyss:4)
  A neqoxec (Abyss:4)
  A spectral centaur (D:7)
  An orc wizard (Orc:2)
  16 demonic plants (Abyss:4)
  6 foxfires (Abyss:4)
  44 fungi
  276 plants
  10 starspawn tentacles
  13 tentacles
381 creatures vanquished.

Grand Total: 3022 creatures vanquished

Notes
Turn   | Place    | Note
-------+----------+-------------------------------------------
     0 | D:1      | HoaS the Gargoyle Hunter began the quest for the Orb.
     0 | D:1      | Reached XP level 1. HP: 12/12 MP: 1/1
   398 | D:1      | Reached XP level 2. HP: 17/17 MP: 2/2
  1058 | D:2      | Identified a scroll of acquirement
  1058 | D:2      | Acquired 937 gold pieces
  1109 | D:2      | Reached XP level 3. HP: 18/21 MP: 3/3
  1118 | D:2      | Reached skill level 5 in Ranged Weapons
  1121 | D:2      | Found Ufeequps's Jewellery Emporium.
  1121 | D:2      | Found Narox's Armour Shop.
  1129 | D:2      | Bought a +1 helmet for 149 gold pieces
  1162 | D:2      | Found Ycwodade's General Store.
  1326 | D:2      | Reached XP level 4. HP: 11/26 MP: 4/4
  2056 | D:2      | Bought a +5 ring of evasion for 504 gold pieces
  2461 | D:3      | Reached XP level 5. HP: 30/30 MP: 5/5
  2474 | D:3      | Noticed Ijyb
  2493 | D:3      | Noticed Jessica
  2495 | D:3      | Killed Ijyb
  2502 | D:3      | Killed Jessica
  2633 | D:3      | Found a faded altar of an unknown god.
  2637 | D:3      | Found an opulent altar of Gozag.
  3213 | D:3      | Became a worshipper of Gozag Ym Sagoz the Greedy
  3243 | D:4      | Noticed a phantom
  3271 | D:4      | Killed a phantom
  3272 | D:4      | Reached XP level 6. HP: 35/35 MP: 6/6
  3375 | D:4      | Found Yfuceste's Lightly-Used Armoury.
  3381 | D:4      | Bought a -2 triple crossbow for 1 gold piece
  3471 | D:4      | You fall into a shaft and drop 3 floors!
  3490 | D:5      | Entered Level 5 of the Dungeon
  3717 | D:2      | Bought the +5 ring mail "Toschip" {rCorr Int-3 Dex+4} for
                  | 568 gold pieces
  4106 | D:5      | Noticed a black bear
  4123 | D:5      | Killed a black bear
  4124 | D:5      | Reached XP level 7. HP: 38/40 MP: 7/7
  4175 | D:5      | Found a staircase to the Ecumenical Temple.
  4196 | Temple   | Entered the Ecumenical Temple
  4689 | D:5      | Reached XP level 8. HP: 44/44 MP: 8/8
  4702 | D:5      | Reached skill level 10 in Ranged Weapons
  4837 | D:5      | Found a radiant altar of Vehumet.
  5157 | D:5      | Identified the +1 scale mail "Ywkierph" {rC+ Str+4 Dex+4
                  | Stlth-}
  5728 | D:6      | Reached XP level 9. HP: 48/48 MP: 9/9
  6098 | D:6      | Noticed Duvessa
  6098 | D:6      | Noticed Dowan
  6136 | D:6      | Killed Duvessa
  6143 | D:6      | Killed Dowan
  6776 | D:7      | Found a runed translucent gate.
  6776 | D:7      | Found a runed translucent gate.
  6776 | D:7      | Found a runed translucent gate.
  6784 | D:7      | Noticed funaii's ghost (novice DEFE)
  7456 | D:8      | Reached XP level 10. HP: 48/53 MP: 10/10
  8579 | D:9      | Identified the +1 short sword of Dissent {heavy, rCorr}
  8741 | D:10     | Entered Level 10 of the Dungeon
  8747 | D:10     | Reached skill level 15 in Ranged Weapons
  9514 | D:11     | Noticed a two-headed ogre
  9570 | D:11     | Noticed a boulder beetle
  9579 | D:11     | Killed a boulder beetle
  9622 | D:11     | Reached XP level 11. HP: 57/57 MP: 11/11
  9816 | D:11     | Noticed a cyan ugly thing
  9842 | D:11     | Killed a cyan ugly thing
  9892 | D:11     | Found a gate leading to a gauntlet.
  9914 | Gauntlet | Entered a Gauntlet
  9914 | Gauntlet | Found a transporter.
  9914 | Gauntlet | Found a runed translucent gate.
  9914 | Gauntlet | Found a runed translucent gate.
  9916 | Gauntlet | Found a runed translucent gate.
  9921 | Gauntlet | Found a transporter.
  9923 | Gauntlet | Found a transporter.
  9937 | Gauntlet | Found a transporter.
  9946 | Gauntlet | Found a transporter.
  9960 | Gauntlet | Found the +8 arc blade {discharge, rElec}
  9962 | Gauntlet | Found a transporter.
  9964 | Gauntlet | Noticed a death drake
  9974 | Gauntlet | Found a transporter.
  9974 | Gauntlet | Noticed a wolf spider
  9982 | Gauntlet | Noticed an entropy weaver
  9984 | Gauntlet | Noticed a great orb of eyes
  9986 | Gauntlet | Found a transporter.
  9987 | Gauntlet | Found a runed translucent door.
  9988 | Gauntlet | Found a runed translucent door.
  9991 | Gauntlet | Found a transporter.
  9991 | Gauntlet | Found a transporter.
  9994 | Gauntlet | Noticed a white ugly thing
  9994 | Gauntlet | Noticed a purple ugly thing
 10018 | Gauntlet | Found a transporter.
 10019 | Gauntlet | Found a transporter.
 10026 | Gauntlet | a slime creature changed into a shining eye
 10026 | Gauntlet | Noticed a shining eye (shapeshifter)
 10071 | Gauntlet | Found a transporter.
 10073 | Gauntlet | Found a transporter.
 10074 | Gauntlet | Found a runed translucent door.
 10230 | D:11     | Found a transporter.
 10232 | D:11     | Found a transporter.
 10236 | D:11     | Found a transporter.
 10268 | D:11     | Found a transporter.
 10297 | D:11     | Found a staircase to the Lair.
 10401 | D:7      | Killed funaii's ghost
 10508 | Lair:1   | Entered Level 1 of the Lair of Beasts
 10508 | Lair:1   | Noticed Maggie
 10622 | Lair:1   | Killed Maggie
 11078 | Lair:1   | Reached skill level 1 in Armour
 11529 | Lair:2   | Reached XP level 12. HP: 59/66 MP: 12/12
 12339 | Lair:3   | Found a staircase to the Shoals.
 12341 | Lair:3   | Noticed Rupert
 12369 | Lair:2   | Reached skill level 5 in Dodging
 12418 | Lair:2   | Paralysed by Rupert for 2 turns
 12421 | Lair:2   | Killed Rupert
 12422 | Lair:2   | Reached skill level 5 in Fighting
 12462 | Lair:3   | Found a staircase to the Snake Pit.
 12539 | Lair:3   | Reached skill level 5 in Armour
 13099 | Lair:4   | Found a viscous altar of Jiyva.
 13100 | Lair:4   | Found a staircase to the Slime Pits.
 13303 | Lair:4   | You fall into a shaft and drop 1 floor!
 13303 | Lair:5   | Entered Level 5 of the Lair of Beasts
 13342 | Lair:5   | Noticed a five-headed hydra
 13348 | Lair:5   | Killed a five-headed hydra
 13388 | Lair:5   | Reached XP level 13. HP: 76/76 MP: 13/13
 14619 | Lair:5   | Reached skill level 10 in Dodging
 14638 | Lair:5   | Gained mutation: Your large and strong wings let you fly.
                  | [Gargoyle growth]
 14638 | Lair:5   | Reached XP level 14. HP: 67/86 MP: 14/14
 15012 | Lair:5   | Reached skill level 10 in Fighting
 16221 | D:12     | Noticed Kirke
 16233 | D:12     | Killed Kirke
 16641 | D:12     | Noticed Jorgrun
 16651 | D:12     | Killed Jorgrun
 16682 | D:12     | Found Culircho's Weapon Shoppe.
 16682 | D:12     | Found a staircase to the Orcish Mines.
 16738 | D:12     | Found Eneklih's Armour Shoppe.
 17013 | Orc:1    | Entered Level 1 of the Orcish Mines
 17332 | Orc:2    | Entered Level 2 of the Orcish Mines
 17332 | Orc:2    | Found Heresoaxt's Antique Weapon Emporium.
 17454 | Orc:2    | Noticed an orc warlord
 17550 | Orc:2    | Paralysed by an orc sorcerer for 5 turns
 17839 | Orc:2    | Found Naakh's Jewellery Shoppe.
 17902 | Orc:2    | Found Nidumabemi's Antique Armour Shoppe.
 18271 | Orc:1    | Reached XP level 15. HP: 96/96 MP: 15/15
 18292 | Orc:1    | Killed an orc warlord
 18333 | Orc:2    | Bought the macabre finger necklace {Finger+ rN+} for 480
                  | gold pieces
 18333 | Orc:2    | Found the macabre finger necklace {Finger+ rN+}
 18801 | Orc:2    | Bought a pair of glowing gloves for 262 gold pieces
 18842 | Orc:2    | Found a staircase to the Elven Halls.
 18850 | Orc:2    | Found Achaiv's General Store.
 18862 | Orc:2    | Bought a scroll of blinking for 105 gold pieces
 18862 | Orc:2    | Bought 2 potions of curing for 84 gold pieces
 18971 | Orc:2    | Found Wafim's Antique Weapon Shop.
 19299 | D:13     | Noticed Urug
 19309 | D:13     | Killed Urug
 19384 | D:13     | Found a gate to the Vaults.
 19658 | D:13     | Identified the +1 mace "Goiplet" {heavy, rC++}
 19675 | D:13     | Identified the +1 robe of the Hot Ocelot {-Cast rCorr Str+2
                  | Slay+2}
 20619 | D:14     | Found a frozen archway.
 20644 | IceCv    | Entered an ice cave
 21277 | D:14     | Reached XP level 16. HP: 104/104 MP: 16/16
 21385 | D:15     | Entered Level 15 of the Dungeon
 21390 | D:15     | Found a white marble altar of Elyvilon.
 21746 | D:15     | Reached skill level 15 in Dodging
 22548 | D:15     | Found a staircase to the Depths.
 22824 | Snake:1  | Entered Level 1 of the Snake Pit
 23580 | Snake:1  | Found Qotazari's Book Shoppe.
 23585 | Snake:1  | Found Paonewer's Book Shoppe.
 24459 | Snake:2  | Found a hide-covered altar of Uskayaw.
 24512 | Snake:2  | Reached skill level 15 in Fighting
 24515 | Snake:2  | Found Xiliasom's Antique Weapon Shoppe.
 24715 | Snake:2  | Noticed Saint Roka
 25103 | Snake:2  | Killed Saint Roka
 25104 | Snake:2  | Reached XP level 17. HP: 83/113 MP: 17/17
 25902 | Snake:3  | HP: 2/115 [salamander/+0 trident (11)]
 26272 | Snake:3  | Noticed Aizul
 26285 | Snake:3  | Killed Aizul
 27839 | Snake:4  | Entered Level 4 of the Snake Pit
 27975 | Snake:4  | Reached XP level 18. HP: 123/123 MP: 18/18
 28079 | Snake:4  | Identified the +1 robe of Jygulurr {+Blink rF+ Int+4 Dex-3}
 29756 | Snake:4  | Got a serpentine rune of Zot
 30521 | Shoals:1 | Entered Level 1 of the Shoals
 30529 | Shoals:1 | Noticed Louise
 30535 | Abyss:2  | Cast into level 2 of the Abyss (Louise)
 30548 | Abyss:2  | Found a corrupted altar of Lugonu.
 30569 | Abyss:4  | Found a shadowy altar of Dithmenos.
 30916 | Abyss:4  | Noticed a lich
 30917 | Abyss:4  | Killed a lich
 30934 | Abyss:4  | Reached XP level 19. HP: 126/130 MP: 19/19
 31109 | Shoals:1 | Escaped the Abyss
 31160 | Shoals:1 | Killed Louise
 31266 | Shoals:1 | Acquired a manual of Armour
 31302 | Shoals:1 | Noticed Mlioglotl
 31305 | Shoals:1 | Killed Mlioglotl
 31312 | Shoals:1 | Noticed Frances
 31459 | Shoals:1 | Killed Frances
 31887 | Shoals:1 | Found Semu Odoiso's Firing Range.
 33660 | Shoals:4 | Entered Level 4 of the Shoals
 33698 | Shoals:4 | Identified the +0 long sword of Hacking and Slashing
                  | {drain, Dex+4}
 33716 | Shoals:4 | Noticed Ilsuiw
 33733 | Shoals:4 | Killed Ilsuiw
 34030 | Shoals:4 | Reached XP level 20. HP: 136/136 MP: 20/20
 34095 | Shoals:4 | Identified the +4 hand axe "Eli Faz" {vamp, Str+5}
 34191 | Shoals:4 | Noticed Polyphemus
 34193 | Shoals:4 | Killed Polyphemus
 34242 | Shoals:4 | Found a glowing silver altar of Zin.
 34251 | Shoals:4 | Noticed Bai Suzhen
 34262 | Shoals:4 | Killed Bai Suzhen
 34278 | Shoals:4 | Got a barnacled rune of Zot
 34962 | Elf:1    | Entered Level 1 of the Elven Halls
 35098 | Elf:1    | Found Moymubb's Weapon Shop.
 35168 | Elf:1    | Got Leamol's Anthology of Bruises
 35306 | Elf:1    | Acquired 1285 gold pieces
 35875 | Elf:2    | Found a runed translucent gate.
 35875 | Elf:2    | Found a runed translucent gate.
 35875 | Elf:2    | Found a runed translucent gate.
 35926 | Elf:2    | Identified the +6 battleaxe "Ruuckew" {flame, +Blink rCorr
                  | Int+5 Dex-5}
 36821 | Vaults:1 | Entered Level 1 of the Vaults
 37009 | Vaults:1 | Reached XP level 21. HP: 141/141 MP: 21/21
 38227 | Vaults:2 | Found Ivvig's Antique Armour Shoppe.
 38882 | Vaults:2 | Found a staircase to the Crypt.
 39774 | Vaults:3 | Reached XP level 22. HP: 149/149 MP: 22/22
 40429 | Vaults:4 | Noticed Boris
 40433 | Vaults:4 | Killed Boris
 40487 | Vaults:4 | Paralysed by a great orb of eyes for 4 turns
 40499 | Vaults:4 | Paralysed by a great orb of eyes for 4 turns
 40669 | Vaults:4 | Noticed Zenata
 40672 | Vaults:4 | Killed Zenata
 41172 | Vaults:4 | Found Ciamuez's Assorted Antiques.
 41971 | Depths:1 | Entered Level 1 of the Depths
 41999 | D:15     | Bought the +3 pair of mountain boots {steadfast, rC+} for
                  | 1172 gold pieces
 41999 | D:15     | Found the +3 pair of mountain boots {steadfast, rC+}
 42103 | Depths:1 | Reached XP level 23. HP: 147/158 MP: 23/23
 42135 | Depths:1 | Found an opulent altar of Gozag.
 42326 | Depths:1 | Found a one-way gateway to a ziggurat.
 42502 | Depths:1 | Found a gateway to Hell.
 43073 | Depths:2 | Found Pysug's Specific Store.
 43077 | Depths:2 | Found Ygiaweucu's General Store.
 43081 | Depths:2 | Bought a scroll of blinking for 82 gold pieces
 43511 | Depths:2 | Found a one-way gate leading to the halls of Pandemonium.
 43730 | Depths:2 | Noticed a caustic shrike
 43730 | Depths:2 | Noticed a caustic shrike
 43776 | Depths:2 | Killed a caustic shrike
 43781 | Depths:2 | Killed a caustic shrike
 43821 | Depths:2 | Noticed a golden dragon
 43824 | Depths:2 | Killed a golden dragon
 44184 | Depths:2 | Reached skill level 10 in Armour
 44184 | Depths:2 | Reached XP level 24. HP: 166/166 MP: 23/23
 44673 | Depths:3 | Found a one-way gate to the infinite horrors of the Abyss.
 44715 | Depths:3 | Found a portal to a secret trove of treasure.
 44821 | Depths:3 | Found an iron altar of Okawaru.
 45418 | Depths:4 | Entered Level 4 of the Depths
 45473 | Depths:4 | Noticed a caustic shrike
 45475 | Depths:4 | Noticed a caustic shrike
 45476 | Depths:4 | Noticed a caustic shrike
 45480 | Depths:4 | Killed a caustic shrike
 45483 | Depths:4 | Killed a caustic shrike
 45484 | Depths:4 | Reached XP level 25. HP: 157/172 MP: 23/23
 45762 | Depths:4 | Identified the +0 chain mail of Birdsong {+Blink}
 45889 | Depths:4 | Noticed a juggernaut
 45896 | Depths:4 | Killed a juggernaut
 45988 | Depths:4 | Found a gate to the Realm of Zot.
 46037 | Depths:4 | Identified the +6 war axe "Tormentor" {heavy, rN+ Int+2}
 46134 | Depths:4 | Found Meamoo's Antique Weapon Shoppe.
 46212 | Depths:3 | Identified the +7 quarterstaff of Understanding {pain,
                  | *Corrode rF+++ Will++ Stlth+}
 46936 | Elf:3    | Entered Level 3 of the Elven Halls
 46956 | Elf:3    | Found a flickering gateway to a bazaar.
 46966 | Bazaar   | Entered a bazaar
 46969 | Bazaar   | Found Acheqiosm's Armour Shop.
 46982 | Bazaar   | Found Catin's Book Shop.
 46995 | Bazaar   | Found Myig's Assorted Antiques.
 47001 | Bazaar   | Bought a potion of curing for 84 gold pieces
 47025 | Bazaar   | Found Darr's Weapon Shop.
 47418 | Elf:3    | Paralysed by an air elemental for 1 turns
 48007 | Elf:3    | Identified the +1 hand axe "Cifoch" {venom, *Corrode Int+5}
 48086 | Elf:3    | Identified the amulet "Ruuczak" {Spirit rN+}
 48262 | Elf:3    | Got Sookhiewn's Almanac of Venomous Location
 48353 | Elf:3    | Identified the ring "Xyaskan" {rElec rC+ MP+9 Dex-5 Stlth+}
 48808 | Vaults:5 | Entered Level 5 of the Vaults
 48858 | Vaults:4 | Reached XP level 26. HP: 115/182 MP: 23/23
 49006 | Vaults:5 | Noticed a dread lich
 49009 | Vaults:5 | Killed a dread lich
 49015 | Vaults:5 | Noticed an ancient lich
 49019 | Vaults:5 | Killed an ancient lich
 49022 | Vaults:5 | Noticed a dread lich
 49139 | Vaults:4 | Paralysed by something for 3 turns
 49142 | Vaults:4 | Killed a dread lich
 49491 | Vaults:5 | Found Mokel's Magic Scroll Shoppe.
 49545 | Vaults:5 | Bought a scroll of enchant weapon for 90 gold pieces
 49545 | Vaults:5 | Bought a scroll of enchant armour for 90 gold pieces
 49545 | Vaults:5 | Bought a scroll of fear for 48 gold pieces
 49701 | Vaults:5 | Identified the +6 mace of False Accusations {elec, Will+
                  | Dex+2}
 49818 | Vaults:5 | Identified the +6 hand axe "Hydrabane" {freeze, rC- rN+
                  | Str+2}
 49818 | Vaults:5 | Identified the +6 gold dragon scales of the Gastropod {Harm
                  | rPois rF+ rC+ Will- Str+6}
 49818 | Vaults:5 | Identified the ring "Ytoux" {rF+ rCorr Dex+2}
 49925 | Vaults:5 | Got a silver rune of Zot
 50157 | Vaults:5 | Identified the +2 pair of gloves "Juhuosk" {rCorr Str+3
                  | Int+3}
 51307 | Hell     | Entered the Vestibule of Hell
 51307 | Hell     | Noticed Geryon
 51425 | Hell     | Killed Geryon
 51505 | Hell     | Reached XP level 27. HP: 153/190 MP: 23/23
 52214 | Hell     | Found a gateway to the ashen valley of Gehenna.
 52315 | Hell     | Found a gateway to the Iron City of Dis.
 52366 | Hell     | Found a gateway to the freezing wastes of Cocytus.
 52497 | Hell     | Found a gateway to the decaying netherworld of Tartarus.
 52767 | Crypt:1  | Entered Level 1 of the Crypt
 53053 | Temple   | Fell from the grace of Gozag
 53053 | Temple   | Became a worshipper of Zin the Law-Giver
 53053 | Temple   | Reached * piety under Zin
 53053 | Temple   | Reached ** piety under Zin
 53054 | Temple   | Donated 10395 gold pieces to Zin
 53070 | Temple   | Reached *** piety under Zin
 53178 | D:11     | Reached **** piety under Zin
 53304 | Crypt:1  | Reached ***** piety under Zin
 53504 | Vaults:2 | Reached skill level 1 in Invocations
 53538 | Vaults:2 | Reached ****** piety under Zin
 54752 | Crypt:3  | Entered Level 3 of the Crypt
 55052 | Crypt:3  | Found a staircase to the Tomb.
 55228 | Crypt:3  | Reached skill level 5 in Invocations
 55309 | Crypt:3  | Found an ancient bone altar of Kikubaaqudgha.
 55325 | Crypt:3  | Found a basalt altar of Yredelemnul.
 55413 | Crypt:3  | Identified the +1 eveningstar of the Foremost Beggars
                  | {flame, rElec}
 56190 | Depths:3 | Voluntarily entered the Abyss.
 56327 | Abyss:4  | Found a corrupted altar of Lugonu.
 56330 | Abyss:4  | Found a corrupted altar of Lugonu.
 56332 | Abyss:4  | Found a corrupted altar of Lugonu.
 56873 | Abyss:4  | Paralysed by accursed screaming for 1 turns
 56876 | Abyss:4  | Paralysed by accursed screaming for 1 turns
 56879 | Abyss:4  | Paralysed by accursed screaming for 1 turns
 56921 | Depths:3 | Escaped the Abyss
 57023 | Depths:3 | Voluntarily entered the Abyss.
 57105 | Abyss:4  | Reached skill level 15 in Armour
 57136 | Abyss:5  | Found a corrupted altar of Lugonu.
 57226 | Abyss:5  | Reached skill level 10 in Invocations
 57235 | Abyss:5  | Paralysed by accursed screaming for 1 turns
 57242 | Abyss:5  | Paralysed by accursed screaming for 1 turns
 57251 | Depths:3 | Escaped the Abyss
 57388 | Depths:3 | Voluntarily entered the Abyss.
 57482 | Abyss:6  | Paralysed by accursed screaming for 1 turns
 57484 | Abyss:6  | Paralysed by accursed screaming for 2 turns
 57488 | Abyss:6  | Paralysed by accursed screaming for 2 turns
 57492 | Abyss:6  | Paralysed by accursed screaming for 2 turns
 57511 | Depths:3 | Escaped the Abyss
 57719 | Zot:1    | Entered Level 1 of the Realm of Zot
 58273 | Zot:1    | Identified the ring of Midwinter {rPois rC+ Int+5 SInv}
 59473 | Zot:2    | Reached skill level 15 in Invocations
 59567 | Zot:2    | Identified the ring of Goxahug {Ice Str+3}
 59567 | Zot:2    | Noticed Josephina
 59572 | Zot:2    | Killed Josephina
 59574 | Zot:2    | Was forgiven by Gozag
 60403 | Zot:3    | Found a runed translucent gate.
 60403 | Zot:3    | Found a runed translucent gate.
 60403 | Zot:3    | Found a runed translucent gate.
 60685 | Zot:3    | Noticed Odghynix's ghost (master TrAr)
 60687 | Zot:3    | Found a viscous altar of Jiyva.
 61100 | Zot:4    | Found a transporter.
 61115 | Zot:4    | Found a transporter.
 61256 | Zot:4    | Identified the +4 pair of gloves of the Sky {Stlth+}
 61336 | Zot:4    | Gained mutation: You are dopey. (Int -2) [mutagenic glow]
 62094 | Zot:5    | Entered Level 5 of the Realm of Zot
 62899 | Zot:5    | Noticed an ancient lich
 62917 | Zot:5    | Killed an ancient lich
 63182 | Zot:5    | Noticed a dread lich
 63184 | Zot:5    | Killed a dread lich
 63372 | Zot:5    | Noticed an orb of fire
 63381 | Zot:5    | Killed an orb of fire
 63564 | Zot:5    | Noticed an orb of fire
 63565 | Zot:5    | Noticed a dread lich
 63575 | Zot:5    | Noticed an orb of fire
 63587 | Zot:5    | Noticed an orb of fire
 63596 | Zot:5    | Noticed an orb of fire
 63598 | Zot:5    | HP: 3/197 [Orb Guardian (25)]
 63599 | Zot:5    | Noticed an orb of fire
 63599 | Zot:5    | Noticed an ancient lich
 63605 | Zot:5    | HP: 5/197 [Orb Guardian (6)]
 63606 | Zot:5    | Zin protects you from harm!
 63607 | Zot:5    | Slain by a Killer Klown

Illustrated notes

Levels and vault maps discovered:
D:1:      dpeg_arrival_pond, layout_basic, minmay_misc_feat_alley,
          chequers_serial_rivers_small_3, moated_statue
D:2:      layout_loops_corners, serial_shops, shop,
          nicolae_shop_advertising_works [nicolae_subvault_shop_adworks], shop,
          nicolae_underground_beach
D:3:      layout_loops_ring, nicolae_overflow_ecumenical_swirl, uniq_jessica,
          uniq_ijyb
D:4:      nicolae_cairo_tiling_very_big, layout_cave_pools, minmay_shop_damaged,
          kennysheep_orc_chapel
D:5:      nicolae_cairo_tiling_large_dashed, layout_basic, vehumet_crystals,
          minmay_temple_entry_overgrown, minmay_misc_feat_hallway
D:6:      layout_cave_pods, grunt_ministairs_6, kennysheep_donut,
          minmay_joined_circles, uniq_duvessa
D:7:      cheibrodos_helix_gallery, layout_gridville, gammafunk_ghost_necromancy
D:8:      nicolae_cairo_tiling, layout_rooms
D:9:      layout_roguey, nicolae_figureground_pulse
D:10:     layout_irregular_city
D:11:     layout_irregular_city, lair_entry_dummy, gauntlet_entry_generic,
          nicolae_transporter_circle
D:12:     layout_loops_ring, orc_david_3, nicolae_looking_at_the_future,
          uniq_jorgrun, uniq_kirke
D:13:     layout_basic, skrybe_vaults_entry_preservation, uniq_urug
D:14:     layout_rooms, portal_ice_cave_entry_ugly_swarm
D:15:     grunt_enter_depths_snipers, layout_grid_maze,
          nicolae_elyvilon_peaceful_grove, st_stairs_3
Temple:   mainiacjoe_temple_cubbyholes
Lair:1:   layout_cave_pods, serial_bayou_shore_a, uniq_maggie
Lair:2:   layout_chaotic_city
Lair:3:   layout_hall_layers, minmay_shoals_entry_centaurs,
          guppyfry_snake_entry_garden, uniq_rupert
Lair:4:   layout_small_grid, slime_entry_1, fungi_pond_lemuel, lemuel_fruit_tree
Lair:5:   minmay_lair_end_enchanted_forest, layout_cave_pods
Shoals:1: layout_shoals, nicolae_shop_firing_range, uniq_louise, uniq_mlioglotl,
          uniq_frances
Shoals:2: layout_shoals
Shoals:3: layout_shoals
Shoals:4: shoals_end_grunt_garden, layout_shoals, shoals_ilsuiw_ice,
          lemuel_centaur_altar, uniq_bai_suzhen, uniq_polyphemus
Snake:1:  layout_misc_corridors, grunt_megastairs_1, minmay_shop_star
Snake:2:  layout_honeycomb, basic_altar, serial_shops, shop, st_stairs_14,
          grunt_ministairs_11, uniq_saint_roka
Snake:3:  layout_chambers, nicolae_snake_scaly_snakehead, uniq_aizul
Snake:4:  grunt_snake_rune_spirals, layout_onion, guppyfry_library_mini
Orc:1:    layout_caves
Orc:2:    grunt_orc_gardens, layout_caves, grunt_orc_garden, grunt_orc_garden,
          grunt_orc_garden, grunt_orc_garden, serial_shops, shop_statue,
          nicolae_orc_pool_cavern, mines2_lemuel
Elf:1:    nicolae_elf_arrival_no_cutting_in_line, layout_gridlike, serial_shops,
          shop_statue, minmay_elf_annihilation, grunt_megastairs_4
Elf:2:    elven_hall_of_blades_hangedman_original [mumra_blade_entry_bloodbath],
          layout_rooms, nicolae_elf_big_sculpture_1
Elf:3:    minmay_elf_hall, layout_geoelf_castle, serial_shops, bzr_entry_safe
Vaults:1: grunt_vaults_funnel, nicolae_vaults_hallways_thing,
          vaults_room_corners, vaults_room_glass_cross,
          nicolae_vaults_twisting_passages, ontoclasm_vaults_gateway,
          vaults_room_fours, layout_vaults_omnigrid
Vaults:2: hangedman_vaults_locks, ontoclasm_vaults_shuriken,
          ontoclasm_vaults_loading_screen, ontoclasm_vaults_tryst,
          ontoclasm_vaults_claustrophobia, minmay_crypt_entry_simple_sparse,
          v_alt_pattern_4, vaults_dpeg_diagonal,
          hangedman_vaults_stretched_pinwheel, nicolae_vaults_three_branches,
          v_alt_pattern_6, nicolae_vaults_shelves_hall,
          nicolae_vaults_mini_display_case, layout_vaults_omnicross,
          serial_shops, nicolae_square_shop
Vaults:3: nicolae_vaults_little_squares_3, vaults_room_guarded_vault, v_misc_10,
          v_misc_29, v_misc_12, nicolae_vaults_alarming, vaults_room_pools,
          vaults_mumra_hexcomb, ontoclasm_vaults_chip, vaults_dpeg_ring,
          grunt_vaults_focal, nicolae_vaults_theta, layout_vaults_big_room,
          uniq_margery
Vaults:4: nicolae_vaults_branching_niches, hangedman_vaults_corner, v_pattern_4,
          nicolae_vaults_big_ls, v_misc_28, hangedman_vaults_variations,
          v_alt_pattern_4, nicolae_vaults_ring_of_whatevers,
          vaults_standard_mumra_x, vaults_room_ringed_pool,
          ontoclasm_vaults_ring_square, v_misc_13,
          nicolae_vaults_little_squares_1, nicolae_vaults_little_squares_2,
          layout_vaults_omnibox, serial_shops, nicolae_shop_hallway_plus,
          uniq_boris, uniq_zenata
Vaults:5
Crypt:1:  layout_regular_city, lightli_enter_wizlab_magi_temple,
          grunt_megastairs_5
Crypt:2:  layout_gridlike
Crypt:3:  lightli_unholy_cathedral, layout_chaotic_city,
          nicolae_tomb_entry_unfolded_pyramid_orthogonal,
          amcnicky_mini_rare_corridor_liquid
Depths:1: layout_basic, enter_ziggurat_e, grunt_gozag_breadcrumbs,
          pf_hell_entry_tar_river, minmay_fractal_squares_diagonal_5,
          grunt_megastairs_3
Depths:2: nicolae_herringbone, layout_basic, rand_demon_pan_entry_9, hell_entry,
          small_statue_intersection, nicolae_specific_store,
          minmay_stone_trees_small
Depths:3: hourglass_vault, layout_basic, nicolae_trove_entry_crystal,
          grunt_hell_entry_dis_grunt, okawaru_trees_2,
          nicolae_abyss_entry_one_way_or_another,
          infiniplex_staircase_spiral_double, firewood_loft
Depths:4: grunt_zot_entry_tricorne, layout_basic, chequers_serial_rivers_marsh,
          hell_entry, grunt_pan_entry_sceptre, serial_shops, shop, drop_trap,
          chequers_serial_rivers_marsh, lemuel_flamethrower_3
Hell
Zot:1:    layout_gridville, hangedman_zot_spectrum
Zot:2:    layout_concentric_octagons, uniq_josephina
Zot:3:    layout_misc_corridors, gammafunk_ghost_ooze
Zot:4:    gammafunk_sealed_arena, layout_basic, st_large_dragon_hoard_2
Zot:5:    layout_gridlike

Skill      XL: |  1  2  3  4  5  6  7  8  9 10 11 12 13 14 15 16 17 18 19 20 21 22 23 24 25 26 27 |
---------------+----------------------------------------------------------------------------------+-----
Ranged Weapons | 5 6 7 8 9 11 14 16 18 20 22 25 26 | 26.8
Armour         | 2 6 7 10 18 | 18.8
Dodging        | 3 7 10 12 14 16 18 19 20 21 22 23 25 26 | 26.5
Fighting       | 3 6 9 11 13 15 17 18 19 20 21 23 24 26 | 26.9
Invocations    | 15 | 15.0
Stealth        | |  1.1

Action                     |  1- 3 |  4- 6 |  7- 9 | 10-12 | 13-15 | 16-18 | 19-21 | 22-24 | 25-27 || total
---------------------------+-------+-------+-------+-------+-------+-------+-------+-------+-------++-------
  Melee: Shortbow          |       |       |     2 |       |       |       |       |       |       ||     2
         Triple crossbow   |       |       |       |       |       |       |       |     4 |       ||     4
   Fire: Shortbow          |    86 |   194 |   386 |       |       |       |       |       |       ||   666
         Arbalest          |       |       |    12 |   590 |  1242 |  1507 |       |       |       ||  3351
         Triple crossbow   |       |       |       |       |       |    57 |  1055 |   642 |  2237 ||  3991
 Invoke: Potion Petition   |       |       |     1 |       |       |     1 |       |       |       ||     2
         Call Merchant     |       |       |       |       |       |     1 |       |     2 |     4 ||     7
         Vitalisation      |       |       |       |       |       |       |       |       |     5 ||     5
         Recite            |       |       |       |       |       |       |       |       |     1 ||     1
         Donate Gold       |       |       |       |       |       |       |       |       |     1 ||     1
    Use: Scroll            |     5 |     3 |     4 |    12 |     6 |     6 |    10 |     2 |    12 ||    60
         Potion            |       |       |     2 |     2 |     1 |     1 |     3 |     2 |    19 ||    30
 Armour: Leather armour    |    15 |    48 |       |       |       |       |       |       |       ||    63
         Ring mail         |       |     7 |    81 |   166 |   289 |   295 |   306 |   136 |   804 ||  2084
  Dodge: Dodged            |    27 |    97 |   165 |   370 |   970 |  1339 |  1183 |   897 |  4068 ||  9116

Table legend: (Time is in decaauts)
 A = Elapsed time spent in this place.
 B = Non-inter-level travel time spent in this place.
 C = Inter-level travel time spent in this place.
 D = Time resting spent in this place.
 E = Time spent auto-exploring this place.
 F = Levels seen in this place.
 G = Mean time per level.
                   A        B        C        D        E       F      G
               +--------+--------+--------+--------+--------+-----+--------+
         Total |  66705 |  61317 |   5388 |   8867 |  36395 |  63 | 1058.8 |
       Dungeon |  16225 |  14179 |   2046 |   1896 |   9167 |  15 | 1081.7 |
        Temple |    393 |    293 |    100 |      0 |    285 |   1 |  393.0 |
          Lair |   5240 |   4924 |    316 |    274 |   3449 |   5 | 1048.0 |
        Shoals |   4063 |   3834 |    229 |    134 |   2596 |   4 | 1015.8 |
     Snake Pit |   7805 |   7566 |    239 |   1851 |   3595 |   4 | 1951.2 |
  Orcish Mines |   2317 |   2138 |    179 |    631 |   1029 |   2 | 1158.5 |
   Elven Halls |   3666 |   3326 |    340 |    261 |   2108 |   3 | 1222.0 |
        Vaults |   8611 |   7625 |    986 |    958 |   4579 |   5 | 1722.2 |
         Crypt |   2660 |   2509 |    151 |    172 |   1661 |   3 |  886.7 |
        Depths |   5876 |   5326 |    550 |    777 |   3189 |   4 | 1469.0 |
          Hell |   1179 |   1157 |     22 |    467 |    365 |   1 | 1179.0 |
           Zot |   6140 |   5915 |    225 |   1391 |   3184 |   5 | 1228.0 |
         Abyss |   2039 |   2039 |      0 |      3 |    886 |   8 |  254.9 |
        Bazaar |     76 |     76 |      0 |      0 |     73 |   1 |   76.0 |
      Ice Cave |    164 |    164 |      0 |     47 |     14 |   1 |  164.0 |
      Gauntlet |    244 |    244 |      0 |      0 |    213 |   1 |  244.0 |
               +--------+--------+--------+--------+--------+-----+--------+

Top non-repeatable levels by time:
 Snake:4: 2574 daAuts
 Snake:3: 2342 daAuts
Vaults:5: 2089 daAuts
Depths:3: 1930 daAuts
Vaults:2: 1863 daAuts
Vaults:4: 1840 daAuts
    D:15: 1698 daAuts
 Abyss:4: 1686 daAuts
Vaults:1: 1664 daAuts
 Snake:2: 1609 daAuts
   Zot:5: 1588 daAuts
   Elf:3: 1582 daAuts
  Lair:5: 1547 daAuts
    D:13: 1492 daAuts
   Zot:1: 1474 daAuts
